 Dungeon Crawl Stone Soup version 0.12.1-15-g081f9d1 (console) character file.

1736072 MarvinPA the Conqueror (level 27, 263/263 (273) HPs)
             Began as a Hill Orc Assassin on May 17, 2013.
             Was a High Priest of Trog.
             Escaped with the Orb
             ... and 4 runes!
             The game lasted 06:02:05 (113694 turns).

MarvinPA the Conqueror (Hill Orc Assassin)        Turns: 113694, Time: 06:02:05

HP 263/263 (273) AC 59     Str 27      XL: 27
MP   7/7         EV  8     Int 12      God: Trog [*****.]
Gold 3968        SH 38     Dex 13 (14) Spells:  0 memorised, 26 levels left

Res.Fire  : + + .   See Invis. : .   b - +6 demon whip (antimagic)
Res.Cold  : . . .   Warding    : .   v - +12 crystal plate armour
Life Prot.: . . .   Conserve   : +   H - +0 shield {AC+3}
Res.Poison: .       Res.Corr.  : +   u - +0 helmet
Res.Elec. : .       Clarity    : .   E - +2 cloak {rCorr, Cons}
Sust.Abil.: . .     Spirit.Shd : .   j - +0 pair of dwarf gloves
Res.Mut.  : +       Stasis     : .   X - +2 pair of boots {Fly}
Res.Rott. : .       Ctrl.Telep.: x   Y - amulet of resist mutation
Saprovore : + . .   Flight     : +   P - ring of Surprise {+Inv rF+ Str+3}
                                     W - ring "Womn" {Regen rF+}

@: flying, quite resistant to hostile enchantments, extremely unstealthy
A: deterioration 2, saprovore 1
a: Burn Spellbooks, Berserk, Trog's Hand, Brothers in Arms, Renounce Religion,
Evoke Invisibility, Stop Flying
}: 4/15 runes: serpentine, barnacled, silver, abyssal


You escaped.
You worshipped Trog.
Trog was exalted by your worship.
You were not hungry.

You visited 9 branches of the dungeon, and saw 67 of its levels.
You visited the Abyss 1 time.
You visited 1 bazaar.

You collected 8154 gold pieces.
You spent 4236 gold pieces at shops.


Innate Abilities, Weirdness & Mutations

You can tolerate rotten meat.
Your body is deteriorating.


   Skills:
 O Level 27 Fighting
   Level 2.1 Short Blades
 O Level 27 Maces & Flails
 - Level 2.0 Throwing
 O Level 27 Armour
 - Level 12.0 Dodging
 - Level 2.4 Stealth
 - Level 2.4 Stabbing
 + Level 26.7 Shields
 - Level 8.0 Traps


You had 26 spell levels left.
You didn't know any spells.

Inventory:

Hand weapons
 a - a +7,+6 demon whip of flaming
 b - a +6,+6 anti-magic demon whip (weapon)
 c - a +0 orcish blowgun
Missiles
 l - 12 curare-tipped needles
Armour
 j - a +0 pair of dwarven gloves (worn)
 u - a +0 helmet (worn)
 v - a +12 crystal plate armour (worn)
 E - a +2 cloak of preservation (worn)
 H - a +0 shield of protection (worn)
 X - a +2 pair of boots of flying (worn)
Magical devices
 d - a wand of heal wounds (4)
 i - a wand of teleportation (0)
 r - a wand of teleportation (6)
 x - a wand of teleportation (7)
 y - a wand of disintegration (8)
 I - a wand of digging (10)
 M - a wand of hasting (3)
 N - a wand of hasting (6)
 S - a wand of heal wounds (6)
 T - a wand of heal wounds (8)
Comestibles
 g - 5 meat rations
Scrolls
 e - a scroll of fog
 k - 2 scrolls of blinking
 C - 2 scrolls of remove curse
 G - a scroll of identify
Jewellery
 h - an uncursed ring of see invisible
 n - an uncursed amulet of clarity
 w - a +0,+8 ring of slaying
 A - a +5,+4 ring of slaying
 D - an uncursed ring of protection from magic
 L - the ring "Mennirr" {SustAb rN+ Int-1}
   (You took it off Erica on level 11 of the Dungeon)

   [ring of sustain abilities]

   It affects your intelligence (-1).
   It protects you from negative energy.
 P - the ring of Surprise (right hand) {+Inv rF+ Str+3}
   (You found it on level 5 of the Vaults)

   [ring of protection from fire]

   It affects your strength (+3).
   It lets you turn invisible.
 U - the ring of Disaster {rPois rN+ Dex+1}
   (You took it off a naga on level 26 of the Dungeon)

   [ring of life protection]

   It affects your dexterity (+1).
   It protects you from poison.
 V - an uncursed ring of teleportation
 W - the ring "Womn" (left hand) {Regen rF+}
   (You found it on level 26 of the Dungeon)

   [ring of regeneration]

   It protects you from fire.
 Y - an amulet of resist mutation (around neck)
 Z - an uncursed ring of protection from cold
Potions
 f - 2 potions of heal wounds
 o - 3 potions of might
 p - a potion of resistance
 z - 4 potions of agility
 F - 8 potions of curing
Orbs of Power
 q - the Orb of Zot

▒▒▒·▒·▒▒▒▒▒▒·▒▒▒)▒▒·▒▒·▒ ▒·▒
···▒▒▒····▒▒·▒ ▒····▒▒·▒ ▒·▒
▒▒▒···▒▒▒·▒▒·▒ ▒▒▒▒·▒▒·▒ ▒·▒
····▒·····▒▒·▒ ▒·▒▒·▒ ▒·▒
·▒▒▒·▒▒▒··▒▒·▒ ▒·▒▒·▒ ▒·▒
·▒▒▒···▒··▒▒·▒▒▒▒▒▒·▒▒·▒ ▒·▒
····················▒▒·▒ ▒·▒
·▒▒▒▒▒·▒··▒▒····g···▒▒·▒ ▒·▒▒▒
·▒ ▒·▒·······Ko▒▒▒▒▒·▒ ▒···▒ ·▒
▒·▒·▒▒▒▒▒·gg··▒ ▒>▒▒▒▒▒▒·▒
·▒▒▒▒▒·▒·▒▒▒▒▒·····▒▒▒········▒
························▒▒▒▒▒▒▒
·······▒·▒·····(···▒▒▒▒·▒
▒▒▒▒▒▒▒▒·▒·▒▒▒·····▒ ▒·▒
▒····>··▒·▒·▒▒▒ ▒)▒
▒▒·▒▒▒·▒·▒·▒·▒▒▒▒▒▒·▒▒▒
▒······▒···········▒··▒


You could see a friendly hobgoblin, friendly 2 goblins and a friendly kobold.


Message History

There is a stone staircase leading down here.
(D) Dungeon (T) Temple (O) Orcish Mines (E) Elven Halls (L) Lair (A) Shoals (P) Snake Pit (M) Slime Pits (V) Vaults (B) Hall of Blades (C) Crypt (U) Hell (Z) Zot
Where to? (* - list waypoints, Enter - D:1, ? - help)
There is a stone staircase leading up here.
You fly upwards.
You sense a powerful magical force warping space.
There is a stone staircase leading down here.
There is a stone staircase leading up here.
You fly upwards.
You sense a powerful magical force warping space.
There is a stone staircase leading down here.
There is a stone staircase leading up here.
You see here an orcish club.
You fly upwards.
You sense a powerful magical force warping space.
There is a stone staircase leading down here.
Things that are here:
an orcish hand axe; an orcish leather armour; an orcish whip
There is a stone staircase leading up here.
You fly upwards.
You sense a powerful magical force warping space.
There is a stone staircase leading down here.
There is a staircase leading out of the dungeon here.
Read which item? (? for menu, Esc to quit)
As you read the scroll of summoning, it crumbles to dust.
Wisps of shadow whirl around you...
You have escaped!

Action                   |  1- 3 |  4- 6 |  7- 9 | 10-12 | 13-15 | 16-18 | 19-21 | 22-24 | 25-27 || total
-------------------------+-------+-------+-------+-------+-------+-------+-------+-------+-------++-------
Melee: Whip              |    89 |    82 |       |       |       |       |       |       |       ||   171
       Dagger            |     3 |       |       |       |       |       |       |       |       ||     3
       Flail             |       |    91 |   587 |   313 |       |       |       |       |       ||   991
       Dire flail        |       |       |       |   543 |       |       |       |       |       ||   543
       Great mace        |       |       |       |   192 |  1894 |  1591 |  1956 |       |       ||  5633
       Demon whip        |       |       |       |       |       |       |   275 |  4102 |  4209 ||  8586
 Fire: Blowgun           |       |    48 |    34 |     1 |       |       |       |       |       ||    83
Invok: Berserk           |       |     4 |    11 |    28 |    28 |    20 |    21 |     7 |     2 ||   121
       Burn Spellbooks   |       |       |     2 |     1 |     2 |     2 |     4 |     9 |     8 ||    28
       Brothers in Arms  |       |       |     1 |     6 |    10 |     1 |     9 |     1 |     1 ||    29
       Trog's Hand       |       |       |       |     5 |     8 |    16 |    15 |    22 |    30 ||    96
 Abil: Evoke Flight      |       |       |       |       |       |       |     2 |       |       ||     2
Evoke: Wand              |       |     1 |    12 |    33 |    15 |    10 |    11 |     8 |    16 ||   106
  Use: Potion            |     2 |       |     2 |     5 |     2 |     2 |    13 |     7 |    13 ||    46
       Scroll            |       |     1 |    15 |    16 |    21 |    13 |    20 |    51 |    19 ||   156
 Stab: Sleeping          |     5 |       |     2 |     1 |       |       |       |       |       ||     8
       Distracted        |       |       |       |     1 |     1 |       |     2 |       |     1 ||     5
       Paralysed         |       |       |       |       |     2 |     4 |       |     1 |       ||     7
       Fleeing           |       |       |       |       |       |       |       |     1 |     1 ||     2
       Confused          |       |       |       |       |       |       |       |       |     3 ||     3

Vault maps used:
D:1:      mrwooster_entry_arrow, nrook_uturn
D:2:      overflow_temple_1_default, kiku_gazebo_garden_becter, uniq_jessica,
          uniq_crazy_yiuf_cottage
D:3:      minmay_staircase_statues, overflow_temple_1_default,
          cheibriados_altar_wand_db
D:4:      vehumet_crystals, serial_shops, shop, minmay_temple_entry_poolview
D:5:      overflow_temple_1_default, elyvilon_altar_3, serial_shops,
          shop_statue, first_bread, uniq_pikel, uniq_eustachio,
          uniq_prince_ribbit1
D:8:      okawaru_metal_pillars_1_2, overflow_temple_1_default, basic_altar,
          minmay_fire_ice_demons, uniq_grum
D:9:      grunt_livestock, hangedman_abyss_or_decor_passed, xom_shifter_show
D:10:     minmay_separated_statues
D:11:     hangedman_decor_growths, uniq_erica
D:12:     uniq_sonja
D:13:     abandoned_shop, enter_trove_6, erik_lair_island, uniq_erolcha,
          uniq_maurice
D:14:     lemuel_ice_spiral_2, roderic_lattice_a, uniq_kirke
D:15:     minmay_stepped, serial_bayou_pond_d, serial_shops, shop, uniq_aizul,
          uniq_snorg, uniq_urug
D:16:     minivault_27, grunt_vaults_entry_tiered
D:17:     grunt_decor_fettered, nemelex_diamond_rough_becter
D:18:     serial_glass, glass_columns_c, glass_columns_a
D:19:     minmay_misc_feat_plants, minmay_crystal_room
D:21:     infiniplex_staircase_river, hell_entry, minmay_misc_feat_iff,
          pan_entry, minmay_statues_item, nrook_mini_vaults, uniq_mennas
D:22:     fountainhead, hell_entry, abyss_entry, hangedman_decor_lopped,
          lemuel_crystal_altar
D:23:     tso_altar, basic_altar, pan_entry, hell_entry
D:24:     basic_altar, pan_entry, hell_entry, abyss_entry,
          hangedman_decor_points
D:25:     cross_vault, serial_shops, shop, old_standard_altar, pan_entry,
          hell_entry, abyss_entry, uniq_boris
D:26:     hangedman_spin_cycle, hell_entry
D:27:     minmay_statue_hallways, hell_entry, pan_entry,
          evilmike_zot_entry_diamond
Orc:2:    baited_tele_trap
Orc:3:    lightli_orcish_oven
Orc:4:    serial_shops, shop, st_orc_ogre_mass
Elf:2:    serial_shops, shop_fountains, spider_trap
Elf:3:    minmay_elf_hall_hex, serial_shops, shop
Lair:1:   uniq_joseph, uniq_fannar
Lair:2:   statuecave_lemuel
Lair:5:   roderic_ravens_nest, patterned_corridor, minmay_shoals_entry_beasts,
          zaba_anthole
Lair:6:   dummy_snake_entry, slime_altar_1
Lair:8:   wormcave, guppyfry_lair_end_dragon
Shoals:1: uniq_maud, uniq_donald
Shoals:2: lemuel_centaur_altar
Shoals:3: uniq_polyphemus, uniq_rupert
Shoals:4: uniq_nikola, uniq_nergalle
Shoals:5: serial_shops, shop, shoals_end_simple, shoal_ilsuiw
Snake:1:  uniq_agnes, uniq_azrael, uniq_roxanne
Snake:2:  serial_shops, shop
Snake:4:  uniq_wiglaf
Snake:5:  snake_pit, uniq_boris, uniq_lamia
Vaults:1: v_pattern_2, hangedman_vaults_slither,
          vaults_room_grunt_arrival_ludios, st_lattice, grunt_vaults_twisty,
          vaults_mumra_chevron, v_misc_2, v_misc_5, vaults_room_grid, v_misc_25,
          nicolae_vaults_little_squares_3, v_misc_13, serial_shops, shop,
          uniq_nessos, uniq_frances, uniq_norris, uniq_louise
Vaults:2: st_lines, v_rooms_5, v_misc_14, ontoclasm_vaults_idyll
Vaults:3: vaults_dpeg_diagonal, v_alt_pattern_2, minmay_crypt_entry_vampire_x,
          vaults_mumra_blade_bloodbath, vaults_standard_mumra_enter_the_diamond,
          ontoclasm_vaults_tryst, vaults_mumra_minichess_inversion,
          hangedman_vaults_maws, hangedman_vaults_unwind, v_misc_26,
          ontoclasm_vaults_gallery, ontoclasm_vaults_loading_screen, v_misc_13,
          ontoclasm_vaults_shuriken, nicolae_vaults_little_squares_4,
          grunt_vaults_hallway_short, v_misc_22, vaults_dpeg_encased_lava,
          grunt_vaults_hallway_long
Vaults:4: nicolae_vaults_angled_halls, vaults_room_boxed, v_misc_3, v_misc_18,
          st_cross, grunt_vaults_diagonal, grunt_vaults_funnel,
          nicolae_vaults_little_squares_3, v_misc_9, ontoclasm_vaults_chip,
          ontoclasm_vaults_ligature, nicolae_vaults_theta, serial_shops,
          bzr_entry_road, uniq_mara
Crypt:1:  treasure_zot_lemuel, uniq_xtahua
Crypt:2:  crypt_curse_skull, uniq_margery
Crypt:3:  tomb_entry_pyramid_bobbens
Crypt:4:  crypt_curse_skull, wad_floor_pattern_trapped
Crypt:5:  david_glass_crypt
Zot:3:    serial_teleporters_loop3_master, serial_teleporters_loop3_1,
          serial_teleporters_loop3_2, serial_teleporters_loop3_3,
          hangedman_zot_vaults_quadrants
Zot:4:    st_stairs_5, lemuel_golem_globe
Zot:5:    st_stairs_12
Abyss:2:  hangedman_elemental_corridor, minivault_19,
          hangedman_elemental_corridor, abyss_greek_temple
Abyss:3:  hangedman_decor_riveting, evilmike_abyss_rune_shrine
Abyss:4:  evilmike_abyss_exit_2, evilmike_abyss_rune_acolytes_1,
          bh_abyss_bestiary, evilmike_abyss_rune_elephants,
          abyss_rune_water_cross, evilmike_abyss_exit_chaos,
          evilmike_abyss_rune_acolytes_1, evilmike_abyss_exit_6,
          evilmike_abyss_rune_tentacle_tunnel, evilmike_abyss_exit_9,
          bh_abyss_bestiary, hangedman_abyss_overflow_altar,
          serial_sigils_hangedman_snap, evilmike_abyss_rune_elephants,
          evilmike_abyss_rune_seething_chaos, serial_sigils_hangedman_snap,
          small_statue_intersection, evilmike_abyss_rune_tentacle_tunnel,
          evilmike_abyss_rune_ettins
Abyss:5:  evilmike_abyss_exit_15, abyss_furniture_001, kb_abyss_rune_zappy,
          evilmike_abyss_exit_12, hangedman_abyss_rune_flesh_and_stone,
          evilmike_abyss_exit_mutagenic, evilmike_abyss_exit_7, minivault_11,
          evilmike_abyss_exit_chaos
Bazaar:   bazaar_jpeg_circle_common

Notes
Turn   | Place    | Note
--------------------------------------------------------------
     0 | D:1      | MarvinPA, the Hill Orc Assassin, began the quest for the Orb.
     0 | D:1      | Reached XP level 1. HP: 16/16 MP: 0/0
   145 | D:1      | Reached skill level 1 in Maces & Flails
   206 | D:1      | Reached XP level 2. HP: 7/23 MP: 1/1
   881 | D:1      | Reached skill level 2 in Maces & Flails
   978 | D:2      | Found an ancient bone altar of Kikubaaqudgha.
  1118 | D:2      | Reached XP level 3. HP: 7/28 MP: 2/2
  1129 | D:2      | HP: 2/28 [poisoned by an adder]
  1383 | D:2      | Found a bloodstained altar of Trog.
  1401 | D:2      | Became a worshipper of Trog the Wrathful
  1644 | D:2      | Reached skill level 3 in Maces & Flails
  1666 | D:2      | Noticed Jessica
  1734 | D:2      | Killed Jessica
  1958 | D:2      | Reached XP level 4. HP: 36/36 MP: 3/3
  2452 | D:2      | Noticed Crazy Yiuf
  2942 | D:2      | Killed Crazy Yiuf
  2942 | D:2      | Reached skill level 3 in Fighting
  2942 | D:2      | Reached skill level 4 in Maces & Flails
  3162 | D:2      | Acquired Trog's first power
  3362 | D:2      | Reached XP level 5. HP: 39/42 MP: 4/4
  3687 | D:3      | Found a blossoming altar of Fedhas.
  3687 | D:3      | Noticed Illaniel's ghost (average HEPr)
  3699 | D:3      | Killed Illaniel's ghost
  3699 | D:3      | Reached skill level 4 in Fighting
  3699 | D:3      | Reached skill level 5 in Maces & Flails
  3699 | D:3      | Reached XP level 6. HP: 41/50 MP: 5/5
  3982 | D:3      | Reached skill level 1 in Armour
  4601 | D:3      | Reached skill level 2 in Armour
  4657 | D:3      | Acquired Trog's second power
  4820 | D:3      | Found a snail-covered altar of Cheibriados.
  4933 | D:3      | Reached XP level 7. HP: 53/57 MP: 6/6
  5270 | D:4      | Found a radiant altar of Vehumet.
  5422 | D:4      | Paralysed by a giant eyeball for 2 turns
  5550 | D:4      | Found Prisuff's Food Emporium.
  5561 | D:4      | Reached skill level 6 in Maces & Flails
  5572 | D:4      | Reached skill level 3 in Armour
  5807 | D:4      | Found a staircase to the Ecumenical Temple.
  5926 | D:4      | Reached skill level 1 in Dodging
  6279 | D:5      | Entered Level 5 of the Dungeon
  6306 | D:5      | Noticed Pikel
  6660 | D:5      | Noticed Prince Ribbit
  6703 | D:5      | Killed Prince Ribbit
  6703 | D:5      | Reached skill level 7 in Maces & Flails
  6703 | D:5      | Reached skill level 2 in Dodging
  6703 | D:5      | Reached XP level 8. HP: 38/63 MP: 7/7
  6805 | D:5      | Found Klut's Antique Weapon Shop.
  6888 | D:5      | Noticed Eustachio
  6911 | D:5      | Reached XP level 7. HP: 51/57 MP: 6/6
  7104 | D:5      | Acquired Trog's third power
  7134 | D:5      | Killed Pikel
  7134 | D:5      | Reached skill level 8 in Maces & Flails
  7134 | D:5      | Reached skill level 3 in Dodging
  7134 | D:5      | Reached XP level 8. HP: 63/63 MP: 7/7
  7264 | D:5      | Reached skill level 4 in Dodging
  7433 | D:5      | Reached skill level 5 in Fighting
  7571 | D:5      | Killed Eustachio
  7821 | D:5      | Found a white marble altar of Elyvilon.
  7856 | D:5      | Found a deep blue altar of Sif Muna.
  8005 | D:6      | Noticed psch's ghost (experienced MfTm)
  8100 | D:6      | Reached skill level 9 in Maces & Flails
  8134 | D:6      | Reached skill level 6 in Fighting
  8650 | D:6      | Killed psch's ghost
  8650 | D:6      | Reached skill level 7 in Fighting
  8650 | D:6      | Reached skill level 5 in Dodging
  8650 | D:6      | Reached XP level 9. HP: 73/73 MP: 8/8
  9249 | D:6      | Noticed a six-headed hydra zombie
  9583 | D:7      | Reached skill level 8 in Fighting
 10335 | D:7      | Reached skill level 6 in Dodging
 10807 | D:8      | Found a shattered altar of Ashenzari.
 11181 | D:8      | Noticed Grum
 11201 | D:7      | Reached skill level 9 in Fighting
 11205 | D:7      | Reached XP level 10. HP: 42/83 MP: 9/9
 11410 | D:7      | Killed Grum
 11765 | D:8      | Found an iron altar of Okawaru.
 12147 | D:8      | Reached skill level 10 in Maces & Flails
 12260 | D:8      | Found a bloodstained altar of Trog.
 12425 | D:8      | Reached skill level 10 in Fighting
 12857 | D:9      | Reached skill level 4 in Armour
 13330 | D:9      | Reached skill level 5 in Armour
 13675 | D:9      | Found a shimmering altar of Xom.
 13676 | D:9      | Found a shimmering altar of Xom.
 13676 | D:9      | Noticed a harpy
 13800 | D:10     | Entered Level 10 of the Dungeon
 13872 | D:10     | Reached skill level 7 in Dodging
 13951 | D:10     | Noticed a griffon
 13966 | D:10     | Killed a griffon
 13966 | D:10     | Reached skill level 6 in Armour
 14349 | D:10     | Found a staircase to the Orcish Mines.
 14373 | D:10     | Received a gift from Trog
 14676 | D:10     | Reached skill level 7 in Armour
 14676 | D:10     | Reached XP level 11. HP: 73/91 MP: 10/10
 14679 | D:10     | Noticed an ice statue
 14810 | D:10     | Reached skill level 11 in Maces & Flails
 14849 | D:11     | Noticed Erica
 15274 | D:11     | Noticed a six-headed hydra
 15280 | D:11     | Killed a seven-headed hydra
 15627 | D:11     | Reached skill level 12 in Maces & Flails
 16115 | D:11     | Killed Erica
 16115 | D:11     | Reached skill level 8 in Armour
 16153 | D:11     | Got a scintillating steel ring
 16171 | D:11     | Identified the ring "Mennirr" {SustAb rN+ Int-1} (You took it off Erica on level 11 of the Dungeon)
 16393 | D:11     | Received a gift from Trog
 17827 | D:12     | Reached skill level 9 in Armour
 18100 | D:12     | Noticed a hill giant
 18110 | D:12     | Killed a hill giant
 18132 | D:12     | Reached skill level 13 in Maces & Flails
 18293 | D:12     | Noticed Sonja
 18652 | D:12     | Reached skill level 10 in Armour
 18652 | D:12     | Reached XP level 12. HP: 79/101 MP: 3/11
 19491 | D:12     | Killed Sonja
 19491 | D:12     | Reached skill level 11 in Armour
 19715 | D:12     | Identified a +0 rod of destruction [lightning,fireball,iron] (14/14) (You found it on level 12 of the Dungeon)
 20039 | D:13     | Reached skill level 14 in Maces & Flails
 20088 | D:13     | Noticed a centaur warrior
 20107 | D:13     | Killed a centaur warrior
 20107 | D:13     | Reached skill level 11 in Fighting
 20284 | D:13     | Noticed a centaur warrior
 20301 | D:13     | Killed a centaur warrior
 20453 | D:13     | Reached skill level 12 in Fighting
 20701 | D:12     | Noticed a centaur warrior
 20712 | D:12     | Killed a centaur warrior
 20952 | D:13     | Reached skill level 15 in Maces & Flails
 21292 | D:13     | Found a portal to a secret trove of treasure.
 21329 | D:13     | Noticed Erolcha
 21573 | D:13     | Reached skill level 13 in Fighting
 21755 | D:13     | Killed Erolcha
 21835 | D:13     | Reached XP level 13. HP: 78/112 MP: 12/12
 21836 | D:13     | Found a staircase to the Lair.
 22466 | D:12     | Noticed a four-headed hydra
 22480 | D:12     | Killed a four-headed hydra
 22480 | D:12     | Reached skill level 16 in Maces & Flails
 22699 | D:13     | Reached skill level 14 in Fighting
 22793 | D:13     | Noticed Maurice
 22875 | D:13     | Killed Maurice
 23222 | Lair:1   | Entered Level 1 of the Lair of Beasts
 23222 | Lair:1   | Noticed Fannar
 23227 | Lair:1   | Killed Fannar
 23339 | Lair:1   | Noticed Joseph
 23351 | Lair:1   | Killed Joseph
 23656 | Lair:1   | Reached skill level 12 in Armour
 24552 | Lair:2   | Noticed an eight-headed hydra
 24562 | Lair:2   | Killed an eight-headed hydra
 24562 | Lair:2   | Reached skill level 17 in Maces & Flails
 25122 | Lair:2   | Noticed a four-headed hydra
 25130 | Lair:2   | Killed a four-headed hydra
 25960 | Lair:3   | Reached skill level 18 in Maces & Flails
 26755 | Lair:4   | Received a gift from Trog
 26784 | Lair:4   | Reached XP level 14. HP: 122/122 MP: 4/13
 26808 | Lair:4   | Reached skill level 19 in Maces & Flails
 27040 | Lair:4   | Noticed a seven-headed hydra
 27048 | Lair:4   | Killed a seven-headed hydra
 27722 | Lair:5   | Found a staircase to the Shoals.
 27754 | Lair:5   | Received a gift from Trog
 27908 | Lair:5   | You fall through a shaft!
 28076 | Lair:5   | Reached skill level 20 in Maces & Flails
 28977 | Lair:6   | Got a blackened leather armour
 29019 | Lair:6   | Found a viscous altar of Jiyva.
 29020 | Lair:6   | Found a staircase to the Slime Pits.
 29155 | Lair:6   | Found a staircase to the Snake Pit.
 29207 | Lair:6   | Received a gift from Trog
 29839 | Lair:7   | Reached skill level 13 in Armour
 29845 | Lair:7   | Reached skill level 15 in Fighting
 29997 | Lair:7   | Identified a scroll of acquirement
 29998 | Lair:7   | Got a pair of ichor-stained gloves
 30002 | Lair:7   | Identified the +1 pair of gloves of Frushio {Str-2 Dex-1} (You acquired it on level 7 of the Lair of Beasts)
 30223 | Lair:7   | Reached XP level 15. HP: 109/132 MP: 4/14
 30445 | Lair:7   | Gained mutation: You are clumsy (Dex -1). [mutagenic glow]
 30525 | Lair:7   | Gained mutation: Your body is slowly deteriorating. [mutagenic glow]
 30545 | Lair:7   | Gained mutation: You are weak (Str -1). [mutagenic glow]
 30935 | Lair:8   | Entered Level 8 of the Lair of Beasts
 30974 | Lair:8   | Reached skill level 1 in Traps
 31060 | Lair:8   | Reached skill level 2 in Traps
 31179 | Lair:8   | Reached skill level 3 in Traps
 31211 | Lair:8   | Reached skill level 4 in Traps
 31246 | Lair:8   | Received a gift from Trog
 31811 | Lair:8   | Reached skill level 5 in Traps
 32465 | Lair:8   | Reached skill level 6 in Traps
 32605 | Lair:8   | HP: 5/133 [rock worm (12)]
 33140 | Lair:8   | Received a gift from Trog
 33210 | Lair:8   | Reached skill level 7 in Traps
 33992 | Lair:2   | Identified the +2 leather armour "Acibas" {SInv Stlth++} (You found it on level 6 of the Lair of Beasts)
 34127 | Orc:1    | Entered Level 1 of the Orcish Mines
 34185 | Orc:1    | Reached skill level 8 in Traps
 34235 | Orc:1    | Received a gift from Trog
 35425 | Orc:2    | Received a gift from Trog
 35635 | Orc:3    | Paralysed by an orc sorcerer for 5 turns
 35720 | Orc:3    | Found a staircase to the Elven Halls.
 36056 | Orc:3    | Noticed an orc warlord
 36169 | Orc:2    | Killed an orc warlord
 36169 | Orc:2    | Reached skill level 14 in Armour
 36431 | Orc:3    | Reached skill level 16 in Fighting
 36663 | Orc:4    | Entered Level 4 of the Orcish Mines
 36688 | Orc:4    | Received a gift from Trog
 36966 | Orc:4    | Found Stuuku's Weapon Emporium.
 36966 | Orc:4    | Found Yziavow's Antique Weapon Shop.
 36970 | Orc:4    | Found Blyumaga's Magical Wand Shop.
 36970 | Orc:4    | Found Wiazxo's Weapon Shoppe.
 37060 | Orc:4    | Received a gift from Trog
 37116 | Orc:4    | Noticed LEBESGUE's ghost (powerful TrEE)
 37131 | Orc:4    | Killed LEBESGUE's ghost
 37235 | Orc:4    | Found Haamyk's Jewellery Emporium.
 37247 | Orc:4    | Bought an uncursed ring of poison resistance for 280 gold pieces
 37247 | Orc:4    | Bought an uncursed ring of see invisible for 210 gold pieces
 37247 | Orc:4    | Bought an uncursed amulet of the gourmand for 420 gold pieces
 37247 | Orc:4    | Bought an uncursed ring of protection from fire for 350 gold pieces
 37416 | Orc:4    | Bought a wand of hasting (4) for 720 gold pieces
 37416 | Orc:4    | Bought a wand of teleportation (4) for 360 gold pieces
 38502 | D:14     | Entered Level 14 of the Dungeon
 38833 | D:14     | Noticed Kirke
 38849 | D:14     | Killed Kirke
 38849 | D:14     | Reached skill level 15 in Armour
 38849 | D:14     | Reached XP level 16. HP: 144/144 MP: 5/15
 39157 | D:14     | Received a gift from Trog
 39177 | D:14     | Reached skill level 17 in Fighting
 39467 | D:14     | Got a slimy plate armour
 40081 | D:15     | Entered Level 15 of the Dungeon
 40418 | D:15     | Noticed Snorg
 40427 | D:15     | Killed Snorg
 41123 | D:15     | Received a gift from Trog
 41180 | D:15     | Noticed Aizul
 41337 | D:15     | Killed Aizul
 41337 | D:15     | Reached skill level 16 in Armour
 41464 | D:15     | Noticed Urug
 41653 | D:15     | Killed Urug
 41702 | D:15     | Reached skill level 18 in Fighting
 41824 | D:15     | Found Fusupnas' Armour Shop.
 42736 | D:15     | Identified the cursed +0 plate armour of Quantum Leap {Int+4 Dam+4} (You took it off a necrophage on level 14 of the Dungeon)
 42871 | D:16     | Reached XP level 17. HP: 152/156 MP: 5/16
 43216 | D:16     | Reached skill level 17 in Armour
 43288 | D:16     | Received a gift from Trog
 43302 | D:16     | Reached skill level 19 in Fighting
 43321 | D:16     | Found a staircase to the Vaults.
 43642 | Vaults:1 | Entered Level 1 of the Vaults
 43642 | Vaults:1 | Found Gianulaw's Assorted Antiques.
 44505 | Vaults:1 | Noticed Norris
 44527 | Vaults:1 | Killed Norris
 44671 | Vaults:1 | Noticed Frances
 44683 | Vaults:1 | Killed Frances
 44683 | Vaults:1 | Reached skill level 18 in Armour
 45077 | Vaults:1 | Noticed Louise
 45084 | Vaults:1 | Reached skill level 20 in Fighting
 45110 | Vaults:1 | Killed Louise
 45236 | Vaults:1 | Received a gift from Trog
 45588 | Vaults:1 | Noticed Nessos
 45600 | Vaults:1 | Killed Nessos
 46140 | Vaults:1 | Reached skill level 8 in Dodging
 46196 | Vaults:1 | Reached XP level 18. HP: 144/169 MP: 5/17
 47764 | Vaults:1 | Received a gift from Trog
 47825 | Vaults:1 | Reached skill level 9 in Dodging
 48672 | Vaults:2 | Reached skill level 19 in Armour
 50629 | Vaults:2 | Reached skill level 10 in Dodging
 51048 | Vaults:2 | Reached XP level 19. HP: 177/177 MP: 18/18
 51838 | Vaults:3 | Received a gift from Trog
 52709 | Vaults:3 | Found a staircase to the Hall of Blades.
 52856 | Vaults:3 | Reached skill level 20 in Armour
 52999 | Vaults:3 | Reached skill level 11 in Dodging
 53258 | Vaults:3 | Found a staircase to the Crypt.
 53682 | Vaults:3 | Received a gift from Trog
 54614 | Vaults:4 | Found a flickering gateway to a bazaar.
 54619 | Bazaar   | Entered a bazaar
 54635 | Bazaar   | Found Idix's Jewellery Boutique.
 54653 | Bazaar   | Found Xymodua's Antique Weapon Emporium.
 54670 | Bazaar   | Found Egaafut's Armour Boutique.
 54687 | Bazaar   | Found Kuxan's Armour Shoppe.
 54730 | Bazaar   | Bought a +2 pair of boots of flying for 261 gold pieces
 54767 | Bazaar   | Bought an uncursed amulet of resist mutation for 360 gold pieces
 54767 | Bazaar   | Bought an uncursed ring of protection from cold for 225 gold pieces
 55806 | Vaults:4 | Noticed Mara
 55809 | Vaults:4 | Noticed MarvinPA's illusion
 56197 | Vaults:4 | Reached XP level 20. HP: 180/188 MP: 18/18
 56410 | Vaults:4 | Noticed MarvinPA's illusion
 56411 | Vaults:4 | Noticed Mara
 56411 | Vaults:4 | Noticed Mara
 56541 | Vaults:4 | Noticed a shadow dragon
 56555 | Vaults:4 | Reached XP level 19. HP: 132/179 MP: 17/18
 56557 | Vaults:4 | Killed a shadow dragon
 56557 | Vaults:4 | Reached XP level 20. HP: 137/189 MP: 17/18
 56826 | Vaults:4 | Received a gift from Trog
 56937 | Vaults:4 | Noticed MarvinPA's illusion
 56972 | Vaults:4 | Killed Mara
 56972 | Vaults:4 | Reached skill level 21 in Fighting
 56975 | Vaults:4 | HP: 10/189 [MarvinPA's illusion[Mara] (12)]
 57700 | Vaults:4 | Reached skill level 12 in Dodging
 58169 | Lair:2   | Lost mutation: You are clumsy (Dex -1). [potion of cure mutation]
 58169 | Lair:2   | Lost mutation: You are weak (Str -1). [potion of cure mutation]
 58169 | Lair:2   | Lost mutation: Your body is slowly deteriorating. [potion of cure mutation]
 58304 | Vaults:1 | Bought a scroll of remove curse for 123 gold pieces
 58304 | Vaults:1 | Bought a scroll of blinking for 225 gold pieces
 58571 | Snake:1  | Entered Level 1 of the Snake Pit
 58665 | Snake:1  | Noticed Agnes
 58671 | Snake:1  | Killed Agnes
 58910 | Snake:1  | Noticed Azrael
 58932 | Snake:1  | Killed Azrael
 59097 | Snake:1  | Noticed Roxanne
 60501 | Snake:2  | Found Geskoh's Assorted Antiques.
 60509 | Snake:2  | Bought a bubbling inky potion for 18 gold pieces
 61046 | Snake:2  | Received a gift from Trog
 62434 | Snake:4  | Noticed Wiglaf
 62450 | Snake:4  | Killed Wiglaf
 63152 | Orc:4    | Bought a wand of disintegration (6) for 150 gold pieces
 63688 | Vaults:4 | Received a gift from Trog
 63952 | D:10     | Killed an ice statue
 64365 | Snake:5  | Entered Level 5 of the Snake Pit
 64374 | Snake:5  | Noticed Lamia
 65571 | Snake:5  | Noticed Boris
 65604 | Snake:5  | Reached skill level 22 in Fighting
 66115 | Snake:5  | Killed Boris
 66119 | Snake:5  | Reached XP level 21. HP: 171/201 MP: 19/19
 66416 | Snake:5  | Killed Lamia
 67019 | Snake:5  | Reached skill level 21 in Maces & Flails
 68477 | Snake:5  | Got a serpentine rune of Zot
 69224 | Crypt:1  | Entered Level 1 of the Crypt
 69428 | Crypt:1  | Got a heavily runed cloak
 69432 | Crypt:1  | Identified the -3 cloak "Baqoj" {Int-3} (You acquired it on level 1 of the Crypt)
 69609 | Crypt:1  | Noticed Xtahua
 69651 | Crypt:1  | Killed Xtahua
 70135 | Crypt:1  | Reached skill level 21 in Armour
 70573 | Crypt:2  | oh right silence
 70573 | Crypt:2  | doesn't work
 70853 | Crypt:2  | Noticed Margery
 70907 | Crypt:2  | Killed Margery
 70907 | Crypt:2  | Reached skill level 23 in Fighting
 71644 | Crypt:2  | Reached XP level 22. HP: 208/208 MP: 20/20
 71646 | Crypt:2  | Reached XP level 21. HP: 235/297 MP: 19/19
 73196 | Crypt:2  | Reached skill level 1 in Shields
 73358 | Crypt:3  | Reached skill level 2 in Shields
 73358 | Crypt:3  | Reached XP level 22. HP: 172/205 MP: 20/20
 73372 | Crypt:3  | Reached skill level 3 in Shields
 73403 | Crypt:3  | Reached skill level 4 in Shields
 73705 | Crypt:3  | Reached skill level 5 in Shields
 74379 | Crypt:4  | Reached skill level 6 in Shields
 74602 | Crypt:4  | Reached skill level 7 in Shields
 75018 | Crypt:5  | Entered Level 5 of the Crypt
 75237 | Crypt:5  | Reached skill level 8 in Shields
 75463 | Crypt:5  | Noticed a bone dragon
 75463 | Crypt:5  | Noticed a curse toe
 76156 | Crypt:5  | Killed a bone dragon
 76156 | Crypt:5  | Reached skill level 9 in Shields
 76472 | Crypt:5  | Noticed an ancient lich
 76472 | Crypt:5  | Noticed an ancient lich
 76498 | Crypt:5  | Killed an ancient lich
 76498 | Crypt:5  | Reached skill level 10 in Shields
 76636 | Crypt:5  | Killed an ancient lich
 76636 | Crypt:5  | Reached skill level 11 in Shields
 77607 | Snake:2  | Bought a wand of heal wounds for 504 gold pieces
 78148 | D:17     | Found a sparkling altar of Nemelex Xobeh.
 78371 | D:17     | Reached skill level 12 in Shields
 79695 | D:18     | Reached XP level 23. HP: 205/213 MP: 20/20
 80214 | D:19     | Reached skill level 22 in Armour
 80354 | D:19     | Paralysed by a red wasp for 2 turns
 80602 | D:20     | Entered Level 20 of the Dungeon
 80620 | D:20     | Received a gift from Trog
 81151 | D:20     | Received a gift from Trog
 81886 | D:21     | Found a gateway to Hell.
 81940 | D:21     | Found a one-way gate leading to the halls of Pandemonium.
 81968 | D:21     | Noticed Mennas
 82072 | D:21     | Killed Mennas
 83010 | D:22     | Found a one-way gate to the infinite horrors of the Abyss.
 83179 | D:21     | Received a gift from Trog
 83418 | D:22     | Found a deep blue altar of Sif Muna.
 83501 | D:22     | Reached skill level 24 in Fighting
 83639 | D:22     | Reached skill level 13 in Shields
 83937 | D:23     | Found a blossoming altar of Fedhas.
 84194 | D:23     | HP: 32/322 [poisoned by an orange demon]
 84200 | D:23     | HP: 32/322 [poisoned by an orange demon]
 84557 | D:23     | Found a glowing golden altar of the Shining One.
 84744 | D:23     | Received a gift from Trog
 85694 | D:24     | Found a bloodstained altar of Trog.
 85744 | D:24     | Reached skill level 14 in Shields
 86485 | D:24     | Reached XP level 24. HP: 212/227 MP: 21/21
 86746 | D:25     | Entered Level 25 of the Dungeon
 86831 | D:25     | Found a shattered altar of Ashenzari.
 87131 | D:25     | Reached skill level 25 in Fighting
 87133 | D:25     | Received a gift from Trog
 87138 | D:25     | Reached skill level 15 in Shields
 87312 | D:25     | Found Klussuq's Magical Wand Emporium.
 87358 | D:25     | Noticed Boris
 87380 | D:25     | Killed Boris
 87458 | D:25     | Paralysed by a great orb of eyes for 5 turns
 88109 | D:26     | Reached skill level 23 in Armour
 88322 | D:26     | Got a heavily runed jade ring
 88332 | D:26     | Identified the ring "Womn" {Regen rF+} (You found it on level 26 of the Dungeon)
 88372 | D:26     | Received a gift from Trog
 88675 | D:26     | Paralysed by a giant eyeball for 3 turns
 88901 | D:26     | Reached skill level 26 in Fighting
 89337 | D:26     | Got a sparkling turquoise ring
 89339 | D:26     | Identified the ring of Disaster {rPois rN+ Dex+1} (You took it off a naga on level 26 of the Dungeon)
 89904 | D:26     | Noticed a lich
 89912 | D:26     | Killed a lich
 89989 | D:26     | Received a gift from Trog
 89997 | D:26     | Reached skill level 24 in Armour
 90030 | D:26     | Got a pitted lapis lazuli ring
 90036 | D:26     | Identified the cursed ring "Thruem" {-Tele Dex-3} (You took it off a deep elf soldier on level 26 of the Dungeon)
 90382 | D:27     | Entered Level 27 of the Dungeon
 90835 | D:27     | Noticed a golden dragon
 91725 | D:27     | Reached skill level 27 in Fighting
 92693 | Shoals:1 | Entered Level 1 of the Shoals
 92700 | Shoals:1 | Received a gift from Trog
 92703 | Shoals:1 | Noticed Maud
 92716 | Shoals:1 | Killed Maud
 92999 | Shoals:3 | Noticed Polyphemus
 93042 | Shoals:3 | Killed Polyphemus
 93224 | Shoals:3 | Noticed Rupert
 93234 | Shoals:3 | Killed Rupert
 93267 | Shoals:3 | Reached skill level 25 in Armour
 93405 | Shoals:4 | Noticed Nikola
 93622 | Shoals:4 | Killed Nikola
 93717 | Shoals:5 | Entered Level 5 of the Shoals
 93755 | Shoals:5 | Reached skill level 16 in Shields
 93837 | Shoals:5 | Found Botyrog's General Store.
 93849 | Shoals:5 | Received a gift from Trog
 93856 | Shoals:5 | Bought a potion of curing for 30 gold pieces
 93890 | Shoals:5 | Reached XP level 25. HP: 213/244 MP: 21/21
 94620 | Shoals:5 | Got a barnacled rune of Zot
 95246 | Elf:1    | Entered Level 1 of the Elven Halls
 95439 | Elf:1    | Received a gift from Trog
 96156 | Elf:2    | Received a gift from Trog
 96350 | Elf:2    | Found Kusa Qua's Antique Weapon Emporium.
 96595 | Elf:3    | Entered Level 3 of the Elven Halls
 96777 | Elf:3    | Found Wekh's Weapon Boutique.
 97521 | Elf:3    | Reached skill level 17 in Shields
 97642 | Elf:3    | Received a gift from Trog
 97883 | Elf:3    | Reached XP level 24. HP: 88/235 MP: 6/7
 98095 | Elf:3    | Received a gift from Trog
 98369 | Elf:3    | Got a steaming granite ring
 98377 | Elf:3    | Got a jewelled cloak
 98389 | Elf:3    | Identified the ring of Khuariar {-Tele rN+ Str+3} (You found it on level 3 of the Elven Halls)
 98399 | Elf:3    | Identified a +1 cloak of preservation (You found it on level 3 of the Elven Halls)
 98402 | Elf:3    | Identified the cursed -1 cloak "Plean" {+Blink +Rage rC+ MR} (You found it on level 3 of the Elven Halls)
 98938 | Vaults:5 | Entered Level 5 of the Vaults
 98941 | Vaults:5 | Noticed a bone dragon
 99089 | Vaults:4 | Reached skill level 18 in Shields
 99302 | Vaults:4 | Reached skill level 19 in Shields
 99351 | Vaults:4 | Killed a bone dragon
 99432 | Vaults:4 | Received a gift from Trog
 99455 | Vaults:4 | Reached skill level 20 in Shields
100306 | Vaults:4 | Reached skill level 21 in Shields
100456 | Vaults:4 | Received a gift from Trog
100751 | Vaults:4 | Reached skill level 26 in Armour
101111 | Vaults:4 | Reached XP level 25. HP: 181/244 MP: 21/21
101492 | Vaults:5 | Reached skill level 22 in Maces & Flails
102407 | Vaults:5 | Received a gift from Trog
102605 | Vaults:5 | Got a sparkling golden ring
102905 | Vaults:5 | Got a smoking copper ring
102990 | Vaults:5 | Identified the ring of Surprise {+Inv rF+ Str+3} (You found it on level 5 of the Vaults)
103158 | Vaults:5 | Received a gift from Trog
103262 | Vaults:5 | Identified a +2 rod of striking (9/9) (You found it on level 5 of the Vaults)
103300 | Vaults:5 | Got a silver rune of Zot
103403 | Vaults:5 | Cast into the Abyss (ogre mage)
103558 | Abyss:1  | Reached skill level 27 in Armour
103583 | Abyss:2  | Found a corrupted altar of Lugonu.
103903 | Abyss:2  | Noticed a bone dragon
103932 | Abyss:2  | Killed a bone dragon
103932 | Abyss:2  | Reached skill level 23 in Maces & Flails
104032 | Abyss:2  | Noticed a bone dragon
104072 | Abyss:2  | Killed a bone dragon
104282 | Abyss:2  | Gained mutation: Your vision is a little blurry. [a neqoxec]
104285 | Abyss:2  | Gained mutation: You are agile (Dex +1). [a neqoxec]
104427 | Abyss:2  | Found a corrupted altar of Lugonu.
104432 | Abyss:2  | Received a gift from Trog
105167 | Abyss:4  | Found a corrupted altar of Lugonu.
105370 | Abyss:4  | Noticed a profane servitor
105390 | Abyss:4  | Killed a profane servitor
105390 | Abyss:4  | Reached skill level 22 in Shields
105428 | Abyss:4  | Paralysed by a wizard for 4 turns
105504 | Abyss:4  | Received a gift from Trog
105597 | Abyss:4  | Reached XP level 26. HP: 239/254 MP: 22/22
105634 | Abyss:4  | Gained mutation: You are resistant to electric shocks. [a neqoxec]
105673 | Abyss:5  | Entered Level 5 of the Abyss
105674 | Abyss:5  | Found a corrupted altar of Lugonu.
105715 | Abyss:5  | Lost mutation: You are agile (Dex +1). [potion of cure mutation]
105715 | Abyss:5  | Lost mutation: Your vision is a little blurry. [potion of cure mutation]
105715 | Abyss:5  | Lost mutation: You are resistant to electric shocks. [potion of cure mutation]
106030 | Abyss:5  | Reached skill level 24 in Maces & Flails
106171 | Abyss:5  | Got an abyssal rune of Zot
106321 | Abyss:5  | Gained mutation: Your vision is a little blurry. [a neqoxec]
106386 | Vaults:5 | Escaped the Abyss
106805 | Lair:2   | Lost mutation: Your vision is a little blurry. [potion of cure mutation]
106806 | Lair:2   | Identified the ring "Poilan" {+Fly rN+} (You found it on level 5 of the Vaults)
107214 | Zot:1    | Entered Level 1 of the Realm of Zot
108716 | Zot:3    | Reached skill level 23 in Shields
108879 | Zot:3    | Received a gift from Trog
109359 | Zot:3    | Reached skill level 25 in Maces & Flails
109359 | Zot:3    | Reached XP level 27. HP: 182/263 MP: 7/22
109691 | Zot:3    | Reached XP level 26. HP: 210/254 MP: 6/7
109708 | Zot:3    | Reached XP level 27. HP: 218/263 MP: 6/22
109870 | Zot:2    | Reached XP level 26. HP: 254/254 MP: 21/22
110141 | Zot:3    | Reached XP level 27. HP: 173/263 MP: 21/22
110314 | Zot:2    | Noticed a golden dragon
110529 | Zot:4    | Reached skill level 24 in Shields
110750 | Zot:2    | Killed a golden dragon
110915 | Zot:4    | Received a gift from Trog
111208 | Zot:5    | Entered Level 5 of the Realm of Zot
111248 | Zot:5    | Reached skill level 26 in Maces & Flails
111326 | Zot:5    | Noticed a curse toe
111411 | Zot:5    | Killed a curse toe
111822 | Zot:5    | Noticed an orb of fire
111852 | Zot:5    | Noticed a Killer Klown
111852 | Zot:5    | Killed an orb of fire
111870 | Zot:5    | Reached skill level 25 in Shields
111871 | Zot:5    | Killed a Killer Klown
111947 | Zot:5    | Noticed a Killer Klown
111966 | Zot:5    | Noticed an orb of fire
111984 | Zot:5    | Gained mutation: Your body is slowly deteriorating. [an orb of fire]
111995 | Zot:5    | Gained mutation: Your body is deteriorating. [an orb of fire]
112003 | Zot:5    | Killed an orb of fire
112025 | Zot:5    | Noticed an orb of fire
112026 | Zot:5    | Killed a Killer Klown
112061 | Zot:5    | Killed an orb of fire
112270 | Zot:5    | Noticed an ancient lich
112307 | Zot:5    | Killed an ancient lich
112347 | Zot:5    | Reached skill level 27 in Maces & Flails
112443 | Zot:5    | Reached skill level 26 in Shields
112533 | Zot:5    | Got the Orb of Zot
112580 | Zot:5    | Noticed Fari the pandemonium lord
113140 | D:18     | Noticed Reojip the pandemonium lord
113301 | D:15     | Noticed Trosann the pandemonium lord
113447 | D:11     | Noticed Leutwais the pandemonium lord
113451 | D:11     | Noticed an ancient lich
113532 | D:9      | Noticed Cowy the pandemonium lord
113694 | D:$      | Escaped with the Orb!

Vanquished Creatures
  3 ancient liches
  3 orbs of fire (Zot:5)
  Boris (twice) (Snake:5 D:25)
  A curse toe (Zot:5)
  Norris (Vaults:1)
  2 Killer Klowns (Zot:5)
  Mara (Vaults:4)
  Margery (Crypt:2)
  Mennas (D:21)
  A golden dragon (Zot:2)
  A profane servitor (Abyss:4)
  5 bone dragons
  Xtahua (Crypt:1)
  4 electric golems
  2 liches
  Nikola (Shoals:4)
  12 tentacled monstrosities
  Lamia (Snake:5)
  22 Orb Guardians (Zot:5)
  A deep elf blademaster (Elf:3)
  2 titans
  6 storm dragons
  Polyphemus (Shoals:3)
  Kirke (D:14)
  6 sphinxes
  10 shadow dragons
  Rupert (Shoals:3)
  Agnes (Snake:1)
  3 draconian monks
  Frances (Vaults:1)
  Aizul (D:15)
  9 ghouls
  7 vault wardens
  4 draconian knights
  6 tentacled starspawn
  7 frost giants
  Wiglaf (Snake:4)
  An iron dragon (Vaults:5)
  4 draconian scorchers
  Louise (Vaults:1)
  3 ghost moths
  Maud (Shoals:1)
  4 fire giants
  An orc warlord (Vaults:4)
  4 draconian annihilators
  44 stone giants
  The ghost of LEBESGUE the Brawler, a powerful TrEE of Fedhas (Orc:4)
  7 draconian callers
  8 starcursed masses
  5 grey draconians
  6 pale draconians
  8 greater nagas
  2 green draconians
  4 deep elf annihilators (Elf:3)
  3 mottled draconians
  3 white draconians
  6 deep elf death magi
  7 black draconians
  7 yellow draconians
  Azrael (Snake:1)
  A deep elf master archer (Elf:3)
  2 red draconians
  6 purple draconians
  11 deep elf sorcerers
  13 ettins
  A titan zombie (D:24)
  Snorg (D:15)
  28 vault guards
  A vampire knight (Vaults:3)
  4 great orbs of eyes
  54 yaktaur captains
  4 sirens
  6 dragons
  2 blizzard demons
  An eidolon (Abyss:2)
  9 ironheart preservers
  3 storm dragon skeletons
  5 death cobs
  25 small abominations
  3 merfolk aquamancers (Shoals:5)
  Erica (D:11)
  A ravenous feature mimic (Vaults:1)
  15 hydras
  2 merfolk javelineers (Shoals:5)
  8 ice dragons
  6 deep troll earth magi
  12 anacondas
  4 deep elf demonologists (Elf:3)
  Nessos (Vaults:1)
  3 ravenous item mimics
  An alligator snapping turtle (Shoals:5)
  3 rakshasas
  16 death yaks
  5 merfolk impalers
  4 wolf spider zombies
  2 sphinx zombies
  2 fire giant zombies
  5 deep elf high priests (Elf:3)
  3 draconian zombies (Zot:3)
  6 sphinx skeletons
  9 stone giant zombies
  5 catoblepae
  28 deep trolls
  4 deep troll shamans
  5 wretched stars
  35 centaur warriors
  6 very ugly things
  Urug (D:15)
  4 orc high priests
  5 sun demons
  6 thrashing horrors
  18 ogre magi
  30 stone giant skeletons
  6 fire giant skeletons
  4 hell knights
  4 soul eaters
  6 frost giant skeletons
  36 skeletal warriors
  2 shadow wraiths
  An ice devil (D:23)
  16 deep elf knights
  5 iron trolls
  8 sea snakes
  A sea snake (shapeshifter) (D:25)
  A death drake (Zot:3)
  A deep dwarf death knight (D:26)
  A giant orange brain (shapeshifter) (Vaults:4)
  Erolcha (D:13)
  10 naga warriors
  A lindwurm (shapeshifter) (Vaults:5)
  2 giant orange brains (Abyss:4)
  A shadow demon (Crypt:5)
  A swamp dragon (Zot:1)
  10 unseen horrors
  16 large abominations
  An unseen horror (shapeshifter) (D:13)
  4 iron troll zombies
  A red wasp (shapeshifter) (D:19)
  5 wizards
  2 flayed ghosts
  An ice statue (D:10)
  12 ironbrand convokers
  2 giant amoebae
  2 hill giants (shapeshifter)
  Pikel (D:5)
  14 hill giants
  A death drake zombie (Abyss:4)
  10 orc sorcerers
  Joseph (Lair:1)
  17 harpies
  7 phantasmal warriors
  3 guardian serpents
  A hydra zombie (D:16)
  5 necromancers
  A cyclops (shapeshifter) (D:26)
  5 wolf spiders
  32 orc knights
  A hellion (Abyss:4)
  2 vampire magi
  A shining eye (Abyss:5)
  16 griffons
  A lindwurm (Lair:8)
  3 iron troll skeletons
  3 fire crabs
  3 red wasps
  2 harpy skeletons
  2 apocalypse crabs
  The ghost of psch the Martial Artist, an experienced MfTm of Makhleb (D:6)
  11 spiny worms
  16 moths of wrath
  3 red wasp zombies
  2 wolf spider simulacra
  A fire crab (shapeshifter) (Vaults:5)
  A hydra skeleton (D:14)
  A black mamba (shapeshifter) (D:19)
  4 dragon zombies
  5 ettin zombies
  7 vault sentinels
  24 black mambas
  A moth of wrath (shapeshifter) (Vaults:4)
  2 shining eyes (shapeshifter) (Vaults:5)
  5 stone golems (Abyss:5)
  8 sixfirhies
  12 cyclopes
  A guardian serpent skeleton (Abyss:5)
  A griffon skeleton (D:19)
  25 hellwings
  22 slime creatures
  A queen ant (shapeshifter) (Vaults:4)
  4 spiny worm zombies
  96 yaktaurs
  A tormentor (Zot:5)
  9 spiny frogs
  22 orange demons
  2 elephants (Lair:5)
  A dragon skeleton (Crypt:2)
  An ice dragon skeleton (D:20)
  3 feature mimics
  6 guardian mummies (Crypt:3)
  7 ettin skeletons
  3 silent spectres
  17 naga magi
  A demonic crawler (Abyss:2)
  3 iron devils
  5 ancient zymes
  27 smoke demons
  3 efreet
  8 komodo dragons
  A hill giant skeleton (D:13)
  Sonja (D:12)
  110 ugly things
  15 trolls
  Prince Ribbit (D:5)
  4 deep troll zombies
  4 mermaids (Shoals:5)
  3 giant leeches (Lair:8)
  A two-headed ogre (shapeshifter) (D:21)
  39 two-headed ogres
  9 blink frogs
  4 wandering mushrooms
  A polar bear (shapeshifter) (Vaults:4)
  4 deep troll skeletons
  A raven (shapeshifter) (D:26)
  A jumping spider (shapeshifter) (D:26)
  6 snapping turtles
  A basilisk (D:16)
  2 ravens (Lair:5)
  A deep dwarf necromancer (D:26)
  A brown ooze (shapeshifter) (Vaults:2)
  A dragon simulacrum (D:18)
  6 giant fireflies (Lair:8)
  6 vampires
  An octopode (shapeshifter) (Elf:3)
  5 wyverns
  9 sharks
  A yak (shapeshifter) (D:23)
  A fire crab zombie (Crypt:1)
  7 chaos spawn
  63 yaks
  Eustachio (D:5)
  3 blue devils
  A fire elemental (Snake:1)
  9 deep elf conjurers
  3 hungry ghosts
  Grum (D:7)
  3 redbacks (D:26)
  3 trapdoor spiders
  A hippogriff (shapeshifter) (D:26)
  7 wraiths
  2 hogs (D:14)
  40 merfolk
  4 mottled dragons
  2 steam dragons (Lair:8)
  17 hippogriffs
  A blink frog skeleton (D:15)
  25 vampire mosquitoes
  2 soldier ants
  The ghost of Illaniel the Apologist, an average HEPr of Zin (D:3)
  7 fire drakes
  18 ynoxinuls
  A manticore (shapeshifter) (Vaults:5)
  7 rock worms
  9 deep elf summoners
  14 manticores
  30 deep elf fighters
  18 war dogs
  A giant slug zombie (Vaults:1)
  8 hell hounds
  11 neqoxecs
  8 boulder beetles
  2 komodo dragon skeletons (D:10)
  A manticore zombie (D:10)
  6 yaktaur zombies
  15 necrophages
  4 orange crystal statues
  8 yaktaur skeletons
  A cyclops zombie (D:16)
  A wyvern zombie (D:9)
  2 slaves (D:5)
  11 freezing wraiths
  16 humans
  4 red devils
  7 sky beasts
  3 cyclops skeletons
  11 deep elf priests
  An ogre (shapeshifter) (Vaults:3)
  3 boulder beetle zombies
  A yellow wasp (D:12)
  81 ogres
  5 deep dwarves (D:26)
  4 phantoms
  3 swamp drakes
  2 ice beasts
  12 giant goldfish
  75 orc warriors
  A yak zombie (D:11)
  A gargoyle (D:19)
  3 rotting devils
  15 crocodiles
  8 lava worms (D:24)
  A boring beetle (D:23)
  A hippogriff skeleton (D:5)
  A yak skeleton (D:15)
  14 deep elf magi
  51 centaurs
  61 nagas
  13 wargs
  A naga zombie (Snake:5)
  13 giant slugs
  6 brain worms
  2 boring beetle zombies
  A giant slug (shapeshifter) (D:25)
  8 big kobolds
  A silver statue (D:10)
  31 water moccasins
  18 giant frogs
  7 earth elementals (Abyss:5)
  A gnoll sergeant (D:11)
  6 insubstantial wisps (Abyss:2)
  A giant frog skeleton (D:6)
  9 agate snails
  A water moccasin skeleton (D:6)
  A basilisk skeleton (D:16)
  2 eyes of draining (shapeshifter)
  2 eyes of draining
  30 killer bees
  28 wights
  A boulder beetle simulacrum (Crypt:1)
  A yak simulacrum (D:15)
  A brain worm zombie (Abyss:5)
  4 electric eels
  7 shadows
  9 jellyfish
  3 goliath beetles
  7 quasits
  12 crimson imps
  A big kobold skeleton (D:15)
  9 hounds
  Crazy Yiuf (D:2)
  5 scorpions
  6 big fish (D:15)
  7 iron imps
  A spider (shapeshifter) (Vaults:4)
  15 iguanas
  A hound skeleton (D:4)
  17 worker ants
  32 deep elf soldiers
  An iguana (shapeshifter) (Vaults:5)
  30 orc priests
  45 orc wizards
  4 porcupines
  32 sheep
  Jessica (D:2)
  8 jellies
  10 boggarts
  2 mummies
  3 flying skulls
  35 adders
  6 giant centipedes
  16 gnolls
  46 green rats
  6 shadow imps
  3 giant mites
  5 lemures
  An inept feature mimic (D:7)
  9 white imps
  58 ufetubi
  20 worms
  2 grey rats (D:5)
  8 giant eyeballs
  An ooze (D:3)
  291 orcs
  A ball python (D:5)
  23 bats
  17 goblins
  17 hobgoblins
  47 kobolds
  13 quokkas
  8 giant cockroaches
  11 giant geckos
  5 giant newts
  A giant spore (D:13)
  A hobgoblin skeleton (D:6)
  3 illusory rakshasas (Vaults:2)
  19 jackals
  An orc zombie (Vaults:4)
  15 rats
  21 ballistomycetes
  3 crawling corpses
  3 fungi
  4 plants
  4 starspawn tentacles
3555 creatures vanquished.

Vanquished Creatures (collateral kills)
  An orc warlord (Orc:2)
  A stone giant (Abyss:5)
  Fannar (Lair:1)
  2 hydras
  2 ogre magi (Orc:4)
  2 death yaks (Lair:7)
  A sun demon (Vaults:4)
  2 naga warriors (Snake:5)
  An orc knight (D:15)
  Maurice (D:13)
  2 elephants (Lair:5)
  3 naga magi (Snake:5)
  3 slime creatures (D:13)
  8 two-headed ogres (Orc:4)
  2 sharks (D:13)
  A steam dragon (Lair:8)
  A fire drake (Lair:8)
  A rock worm (Abyss:5)
  A soldier ant (D:12)
  A mottled dragon (Lair:8)
  An orc warrior (Orc:3)
  6 ogres
  A naga (Snake:5)
  An agate snail (Vaults:3)
  3 jellyfish (D:13)
  2 big fish (D:13)
  2 hounds
  An iron imp (D:5)
  An orc priest (Orc:3)
  An orc wizard (Orc:3)
  2 shadow imps (D:5)
  2 gnolls (D:8)
  A green rat (D:5)
  A lemure (D:5)
  An ufetubus (Vaults:4)
  A grey rat (D:5)
  8 orcs
  A bat (D:5)
  A jackal (Lair:1)
  A quokka (D:5)
  A kobold (D:8)
  3 rats
79 creatures vanquished.

Vanquished Creatures (others)
  A draconian knight (Zot:3)
  A draconian scorcher (Zot:4)
  A draconian caller (Zot:3)
  A merfolk aquamancer (Shoals:5)
  An ice dragon (Zot:5)
  A deep troll (Vaults:4)
  A large abomination (Abyss:4)
  An ironbrand convoker (Vaults:5)
  A hydra skeleton (D:14)
  A black mamba (Snake:5)
  A troll (Snake:5)
  2 naga magi (Snake:5)
  An ugly thing (D:14)
  A deep troll zombie (Crypt:1)
  2 two-headed ogres
  5 humans (D:14)
  A deep elf summoner (Vaults:5)
  A fire drake (D:27)
  2 starcursed masses (Abyss:2)
  A centaur (D:14)
  6 ogres
  A giant frog (D:14)
  2 nagas
  A killer bee (D:8)
  A worker ant (D:14)
  A deep elf soldier (Elf:1)
  An iguana (D:14)
  A flying skull (Abyss:5)
  A giant centipede (D:14)
  2 adders
  An ufetubus (Abyss:2)
  8 orcs
  A goblin (Orc:4)
  4 giant spores
  A kobold (D:2)
  2 lurking horrors
  2 rats
  2 ballistomycetes (D:13)
  3 plants (Lair:8)
  11 starspawn tentacles
  40 starspawn tentacle segments
119 creatures vanquished.

Grand Total: 3753 creatures vanquished
